 Dungeon Crawl Stone Soup version 0.25.0-26-g0c896c7088 (webtiles) character file.

Game seed: 5033506581367267284

250 Exodus22XD the Poker (level 5, -6/39 HPs)
             Began as a Demonspawn Gladiator on July 4, 2020.
             Mangled by an ogre
             ... wielding a +0 giant club
              (23 damage)
             ... on level 3 of the Dungeon.
             The game lasted 00:02:01 (2321 turns).

Exodus22XD the Poker (Demonspawn Gladiator)         Turns: 2321, Time: 00:02:02

Health: -6/39      AC:  6    Str: 15    XL:     5   Next: 88%
Magic:  5/5        EV: 12    Int: 10    God:
Gold:   206        SH:  0    Dex: 14    Spells: 4/4 levels left

rFire    . . .     SeeInvis .   a - +0 trident
rCold    . . .     Gourm    .   (no shield)
rNeg     . . .     Faith    .   g - +0 ring mail
rPois    .         Spirit   .   c - +0 helmet
rElec    .         Reflect  .   (no cloak)
rCorr    +         Harm     .   (no gloves)
MR       .....                  (no boots)
Stlth    +.........             (no amulet)
HPRegen  0.13/turn              m - ring of resist corrosion
MPRegen  0.09/turn              (no ring)

@: no status effects
A: claws 1, talons 2
a: no special abilities


You were on level 3 of the Dungeon.
You were not hungry.

You visited 1 branch of the dungeon, and saw 3 of its levels.

You collected 206 gold pieces.

Inventory:

Hand Weapons
 a - a +0 trident (weapon)
Missiles
 d - 3 throwing nets (quivered)
Armour
 c - a +0 helmet (worn)
 g - a +0 ring mail (worn)
Jewellery
 m - a ring of resist corrosion (left claw)
Scrolls
 e - 2 scrolls of remove curse {unknown}
 h - 2 scrolls of identify {unknown}
 j - a scroll of fear {unknown}
 o - a scroll of enchant armour {unknown}
 p - a scroll of amnesia {unknown}
Potions
 b - a potion of heal wounds {unknown}
 i - a potion of experience {unknown}
 k - a potion of curing {unknown}
 l - a potion of degeneration {unknown}
 n - a potion of berserk rage {unknown}
Comestibles
 f - 4 rations
 q - 2 chunks of flesh


   Skills:
 + Level 2.5 Fighting
 + Level 4.4 Polearms
 - Level 1.7 Throwing
 + Level 1.5 Armour
 + Level 3.4 Dodging
 + Level 1.4 Stealth
 * Level 1.3 Unarmed Combat


You had 4 spell levels left.
You didn't know any spells.
Your spell library was empty.

Dungeon Overview and Level Annotations

Branches:
Dungeon (3/15)

Altars:
Hepliaklqana
Nemelex Xobeh
Sif Muna


Innate Abilities, Weirdness & Mutations

You have sharp fingernails.
You have razor-sharp toenails.


Message History

The ogre hits you with a +0 giant club!!
Ouch! That really hurt!
You are too injured to fight recklessly!
An ogre is nearby!
You are too injured to fight recklessly!
An ogre is nearby!
Attack whom?
Press: ? - help, Dir - move target cursor, f/p - ogre
Aim: an ogre, wielding a +0 giant club (lightly wounded)
You reach to attack!
You puncture the ogre!
The ogre is moderately wounded.
The ogre closely misses you.
Attack whom?
Press: ? - help, Dir - move target cursor, f/p - ogre
Aim: an ogre, wielding a +0 giant club (moderately wounded)
You reach to attack!
You hit the ogre.
The ogre is heavily wounded.
The ogre hits you with a +0 giant club!!
Ouch! That really hurt!
You die...

....... ....... #....#
....#### ###############
####.....#
#............[#
#........#
#.###########.#
#........# #.#.....# #.#
#........####.#.###.#
#.# #...#.#.....#@#.#
#.#.# #.#
'.......#.....#O#.#
#.#.# #.#
###...###.......#.#
#.#.# #.# .....
#.....###.# #.#.# #.#
##.........#....#.#
#.#.# #.#
#.#..........#.#.#.#.#.#
#.# ..#
#.....#..#.#.#.#.#.#.#.#
###...#..#.#.#.....#.#.#
#.###..#.#.###.#<#.#.#


You could see an ogre.

Vanquished Creatures
  Sigmund (D:2)
  An adder (D:2)
  A gnoll (D:1)
  An ooze (D:2)
  2 worms (D:2)
  A dart slug (D:1)
  A leopard gecko (D:1)
  3 ball pythons
  3 giant cockroaches
  8 goblins
  7 hobgoblins
  6 jackals
  3 kobolds
  8 bats
  5 frilled lizards
  2 rats
53 creatures vanquished.

Notes
Turn   | Place    | Note
-------+----------+-------------------------------------------
     0 | D:1      | Exodus22XD the Demonspawn Gladiator began the quest for the
                  | Orb.
     0 | D:1      | Reached XP level 1. HP: 16/16 MP: 1/1
   264 | D:1      | Reached skill level 3 in Polearms
   264 | D:1      | Gained mutation: You have sharp toenails. [demonic
                  | ancestry]
   264 | D:1      | Reached XP level 2. HP: 21/22 MP: 2/2
   559 | D:1      | Reached XP level 3. HP: 27/27 MP: 3/3
   926 | D:2      | Noticed Sigmund
  1144 | D:2      | Reached skill level 1 in Stealth
  1297 | D:2      | Gained mutation: You have sharp fingernails. [demonic
                  | ancestry]
  1297 | D:2      | Reached XP level 4. HP: 28/33 MP: 4/4
  1495 | D:2      | Found a sparkling altar of Nemelex Xobeh.
  1604 | D:2      | Found a hazy altar of Hepliaklqana.
  1605 | D:2      | Found a shimmering blue altar of Sif Muna.
  1638 | D:2      | Killed Sigmund
  1638 | D:2      | Reached skill level 4 in Polearms
  1638 | D:2      | Reached skill level 1 in Armour
  1638 | D:2      | Reached skill level 1 in Unarmed Combat
  1638 | D:2      | Gained mutation: You have razor-sharp toenails. [demonic
                  | ancestry]
  1638 | D:2      | Reached XP level 5. HP: 10/39 MP: 5/5
  2306 | D:3      | Noticed an ogre
  2321 | D:3      | Mangled by an ogre

Illustrated notes

Levels and vault maps discovered:
D:1:      sevenhm_arrival_forest_fort_small_4, layout_loops_ring,
          chequers_serial_rivers_micro_d, wander_ebering_terrifying_dragon_lair
D:2:      layout_loops_ring, nemelex_xobeh_ov_fountains_minmay,
          gammafunk_temple_overflow_statue, minmay_misc_feat_room, uniq_sigmund
D:3:      layout_basic, first_ration, uniq_grinder

Skill      XL: |  1  2  3  4 |
---------------+-------------+-----
Polearms       | 3 4 |  4.4
Dodging        | 3 |  3.4
Stealth        | 1 |  1.4
Armour         | 1 |  1.5
Unarmed Combat | 1 |  1.3
Fighting       | |  2.5
Throwing       | |  1.7

Action                   |  1- 3 |  4- 6 || total
-------------------------+-------+-------++-------
Melee: Trident           |    92 |    62 ||   154
       Kick              |    13 |    12 ||    25
 Stab: Sleeping          |     4 |       ||     4
  Eat: Chunk             |     1 |     4 ||     5
Armor: Leather armour    |    19 |       ||    19
       Ring mail         |     5 |     5 ||    10
       Skin              |     1 |       ||     1
Dodge: Dodged            |    50 |    17 ||    67
